 Dungeon Crawl Stone Soup version 0.29.1-2-gbd0b4ee654 (webtiles) character file.

Game seed: 6857999026264515080

8 funnyparkerb the Insei (level 2, -1/23 HPs)
             Began as a Meteoran Transmuter on Nov 12, 2022.
             Slain by a jackal (2 damage)
             ... on level 1 of the Dungeon.
             The game lasted 00:00:32 (113 turns).

funnyparkerb the Insei (Meteoran Transmuter)         Turns: 113, Time: 00:00:32

Health: -1/23      AC:  2    Str: 11    XL:     2   Next: 29%
Magic:  7/7        EV: 12    Int: 14    God:
Gold:   0          SH:  0    Dex: 14    Spells: 6/7 levels left

rFire   . . .      SeeInvis .     - Unarmed
rCold   . . .      Faith    .   (no shield)
rNeg    . . .      Spirit   .   a - +0 robe
rPois   .          Reflect  .   (no helmet)
rElec   .          Harm     .   (no cloak)
rCorr   .          Rampage  .   (no gloves)
Will    .....                   (no boots)
Stlth   +.........              (no amulet)
HPRegen 0.07/turn               (no ring)
MPRegen 0.10/turn               (no ring)

@: glowing
A: sense surroundings 1, otherworldly, glowing, explore regen
a: no special abilities


You were on level 1 of the Dungeon.
You visited 1 branch of the dungeon, and saw 1 of its levels.

Inventory:

Armour
 a - a +0 robe (worn)
Potions
 b - a potion of lignification


   Skills:
 + Level 1.4 Fighting
 - Level 2.4 Dodging
 - Level 3.6 Unarmed Combat
 * Level 3.0 Spellcasting
 * Level 2.8 Transmutations


You had 6 spell levels left.
You knew the following spells:

 Your Spells              Type           Power      Damage    Failure   Level
a - Beastly Appendage     Tmut           20%        N/A       7%          1

Your spell library contained the following spells:

 Spells                   Type           Power      Damage    Failure   Level
 Wereblood                Tmut           10%        N/A       10%         2
 Spider Form              Tmut/Pois      6%         N/A       34%         3
 Summon Guardian Golem    Hex/Summ       2%         N/A       54%         3
 Ice Form                 Ice/Tmut       6%         N/A       75%         4
 Orb of Destruction       Conj           1%         9d5       100%        7
 Spellforged Servitor     Conj/Summ      1%         N/A       100%        7


Dungeon Overview and Level Annotations

Branches:
Dungeon (1/15) Zot: 487

Altars:


Innate Abilities, Weirdness & Mutations

You passively map a small area around you.
You are easily found by Zot.
You glow in the dark.
You regain HP and MP as you explore.


Message History

The jackal bites you. The jackal closely misses you.
You miss the jackal. Your headbutt misses the jackal. The jackal misses you.
The jackal bites you. x2
You hit the jackal. You claw the jackal.
You kill the jackal!
The jackal bites you but does no damage.
You hit the jackal.
The jackal is heavily wounded.
The jackal bites you. x2
The frilled lizard bites you but does no damage.
You are too injured to fight recklessly!
You are too injured to fight recklessly!
You are too injured to fight recklessly!
You are too injured to fight recklessly!
You punch the frilled lizard!
You kill the frilled lizard!
The jackal barely misses you. x2
You hit the jackal. Your headbutt misses the jackal.
The jackal is heavily wounded.
The jackal bites you. x2; The jackal misses you.
You barely miss the jackal.
You headbutt the jackal, but do no damage.
The jackal is heavily wounded.
The jackal barely misses you. The jackal bites you.
* * * LOW HITPOINT WARNING * * *
The jackal bites you.
* * * LOW HITPOINT WARNING * * *
The jackal bites you but does no damage.
The jackal closely misses you. x2
You hit the jackal but do no damage. You claw the jackal, but do no damage.
The jackal is heavily wounded.
Your horns disappear.
Your talons disappear.
The jackal bites you but does no damage.
The jackal closely misses you. The jackal bites you.
* * * LOW HITPOINT WARNING * * *
You barely miss the jackal.
The jackal is heavily wounded.
The jackal bites you but does no damage.
The jackal closely misses you. The jackal bites you.
You die...

* .....#..##........... *
#......##...†....... ####
#......##...........
#...##......##......####. ,
*#...........).......#
#####......................
.......................####
........#.....#......###* *
........#..h@##......#
........#..hh##......#
........#....##......#
..............#......# ,
..............# ....
..............# , ,
................. *
....###.......... * ...
,...........#


You could see 3 jackals.

Vanquished Creatures
  A dart slug (D:1)
  A ball python (D:1)
  A jackal (D:1)
  A kobold (D:1)
  2 frilled lizards (D:1)
6 creatures vanquished.

Notes
Turn   | Place    | Note
-------+----------+-------------------------------------------
     0 | D:1      | funnyparkerb the Meteoran Transmuter began the quest for
                  | the Orb.
     0 | D:1      | Reached XP level 1. HP: 16/16 MP: 5/5
    83 | D:1      | Reached XP level 2. HP: 23/23 MP: 4/6
   112 | D:1      | HP: 1/23 [jackal (2)]
   113 | D:1      | Slain by a jackal

Illustrated notes

Levels and vault maps discovered:
D:1:      ncdulo_smallfort, layout_basic

Skill      XL: |  1  2 |
---------------+-------+-----
Spellcasting   | 3 |  3.0
Fighting       | |  1.4
Dodging        | |  2.4
Unarmed Combat | |  3.6
Transmutations | |  2.8

Action                   || total
-------------------------++-------
Melee: Unarmed           ||    15
       Kick              ||     4
       Headbutt          ||     3
 Cast: Beastly Appendage ||     4
Armor: Robe              ||     6
Dodge: Dodged            ||    11
